 Dungeon Crawl Stone Soup version 0.23.2-40-g277498a001 (webtiles) character file.

Game seed: 13606646971560689776

609 Amplified the Poker (level 7, -1/60 HPs)
             Began as a Centaur Gladiator on Oct 2, 2019.
             Was a Believer of Wu Jian.
             Slain by a centaur (4 damage)
             ... on level 5 of the Dungeon on Oct 3, 2019.
             The game lasted 00:05:23 (3625 turns).

Amplified the Poker (Centaur Gladiator)             Turns: 3625, Time: 00:05:24

Health: -1/60      AC:  5    Str: 13 (16) XL:     7   Next: 19%
Magic:  7/7        EV: 10    Int:  4 (6)  God:    Wu Jian [**....]
Gold:   123        SH:  7    Dex: 16 (19) Spells: 6/6 levels left

rFire    + . .     SeeInvis .   a - +1 trident
rCold    + . .     Gourm    .   o - +2 buckler
rNeg     . . .     Faith    .   b - +0 leather armour
rPois    +         Spirit   .   c - +0 helmet
rElec    +         Reflect  .   g - scarf {cloud immunity}
rCorr    +         Harm     .   (no gloves)
MR       .....                  (no barding)
Stlth    +.........             (no amulet)
HPRegen  0.20/turn              k - +5 ring of dexterity
MPRegen  0.10/turn              (no ring)

@: resistant, berserk cooldown, flying, slowed
A: large, hooves 3, agile 1, deformed body, dopey 1, speed 2, poison resistance,
tough skin 3
a: Wall Jump, Renounce Religion


You were on level 5 of the Dungeon.
You worshipped Wu Jian.
Wu Jian was pleased with you.
You were not hungry.

You visited 1 branch of the dungeon, and saw 5 of its levels.

You collected 123 gold pieces.

Inventory:

Hand Weapons
 a - a +1 trident (weapon)
 l - a +0 hunting sling of freezing
Armour
 b - a +0 leather armour (worn)
 c - a +0 helmet (worn)
 g - a scarf of cloud immunity (worn)
 o - a +2 buckler (worn)
 q - a +0 cloak
Jewellery
 k - a +5 ring of dexterity (left hand)
Wands
 n - a wand of polymorph (3)
 r - a wand of flame (6)
Scrolls
 h - 2 scrolls of teleportation
 j - 3 scrolls of blinking
Potions
 e - a potion of flight
 i - a potion of magic
Comestibles
 f - 6 rations


   Skills:
 + Level 4.5 Fighting
 * Level 5.6 Polearms
 - Level 2.1 Throwing
 - Level 2.1 Dodging
 - Level 2.5 Shields


You had 6 spell levels left.
You didn't know any spells.
Your spell library was empty.

Dungeon Overview and Level Annotations

Branches:
Dungeon (5/15)             Temple (0/1) D:4

Altars:
Elyvilon
Qazlal
Wu Jian


Innate Abilities, Weirdness & Mutations

You have hooves in place of feet.
Armour fits poorly on your strangely shaped body.
You cover ground very quickly.
You have extremely tough skin. (AC +3)
You are agile. (Dex +2)
You are dopey. (Int -2)
Your system is resistant to poisons. (rPois)


Message History

You block the killer bee's attack.
The orc struggles against the net.
The killer bee misses you.
The orc struggles against the net.
Okay, then.
Okay, then.
There is nothing to wall jump against here.
The killer bee stings you!
* * * LOW HITPOINT WARNING * * *
The orc struggles against the net.
The killer bee misses you.
The orc struggles against the net.
You see here 17 gold pieces.
Unknown command.
Okay, then.
Evoke which item? (* to show all) (? for menu, Esc to quit)
Aiming: Polymorph
Press: ? - help, Shift-Dir - straight line, f/p - killer bee
Aim: a killer bee (moderately wounded, chance to defeat MR: 54%)
The killer bee evaporates and reforms as a centaur!
The centaur hits you but does no damage.
The orc struggles against the net.
The centaur hits you.
You die...

##.############.# #.#
.......#.# #.#
...#.#.#
#.########.#.#.####
#.#..........#.#.. .
#.#.######.....#.. .
#.#.##......####.. .
#.#.##.........#.###
#.#@##.._...#..#.#E#
#.#c##.........#.###
#.#.##...(.....#....
#.#)###..#(.#.......
#.#o.....#.....##...
#.#########.....o###
##รท################E#
#.<...............###
####################.


You could see a centaur and an orc (caught).

Vanquished Creatures
  A sky beast (D:5)
  A phantom (D:4)
  2 howler monkeys (D:5)
  A crimson imp (D:5)
  A jelly (D:5)
  An iguana (D:5)
  An iron imp (D:4)
  Natasha (thrice) (D:4)
  A worker ant (D:4)
  6 adders
  An ooze (D:4)
  A worm (D:3)
  A dart slug (D:3)
  A leopard gecko (D:3)
  7 orcs
  6 giant cockroaches
  8 goblins
  6 hobgoblins
  2 jackals (D:1)
  7 bats
  4 frilled lizards
  4 kobolds (D:1)
  6 rats
72 creatures vanquished.

Notes
Turn   | Place    | Note
-------+----------+-------------------------------------------
     0 | D:1      | Amplified the Centaur Gladiator began the quest for the
                  | Orb.
     0 | D:1      | Reached XP level 1. HP: 17/17 MP: 1/1
   146 | D:1      | Reached skill level 3 in Polearms
   146 | D:1      | Reached XP level 2. HP: 24/25 MP: 2/2
   971 | D:2      | Reached XP level 3. HP: 30/30 MP: 3/3
  1532 | D:3      | Found a faded altar of an unknown god.
  1551 | D:3      | Became a worshipper of the Wu Jian Council
  1551 | D:3      | Reached * piety under Wu Jian
  2013 | D:3      | Reached XP level 4. HP: 38/38 MP: 4/4
  2213 | D:3      | Reached skill level 1 in Shields
  2470 | D:4      | Noticed a phantom
  2487 | D:4      | Killed a phantom
  2487 | D:4      | Reached XP level 5. HP: 36/45 MP: 5/5
  2509 | D:4      | Found a staircase to the Ecumenical Temple.
  2703 | D:4      | Noticed Natasha
  2717 | D:4      | Killed Natasha
  2725 | D:4      | Reached skill level 4 in Polearms
  2928 | D:4      | Noticed Grinder
  2929 | D:4      | Paralysed by Grinder for 6 turns
  2936 | D:4      | Noticed Grinder
  2936 | D:4      | Grinder changed into Grinder the iron imp
  2941 | D:4      | Killed Grinder the iron imp
  2998 | D:4      | Reached XP level 6. HP: 49/52 MP: 6/6
  3033 | D:4      | Noticed Natasha
  3039 | D:4      | Killed Natasha
  3056 | D:4      | Noticed Natasha
  3064 | D:4      | Killed Natasha
  3112 | D:5      | Entered Level 5 of the Dungeon
  3303 | D:5      | Reached skill level 5 in Polearms
  3318 | D:5      | Found a white marble altar of Elyvilon.
  3333 | D:5      | Found a stormy altar of Qazlal.
  3335 | D:5      | Noticed a fire elemental
  3336 | D:5      | Noticed an air elemental
  3336 | D:5      | Noticed a water elemental
  3339 | D:5      | Reached ** piety under Wu Jian
  3350 | D:5      | Noticed a sky beast
  3568 | D:5      | Reached XP level 7. HP: 51/60 MP: 7/7
  3619 | D:5      | Gained mutation: You are agile. (Dex +2) [potion of
                  | mutation]
  3619 | D:5      | Gained mutation: You are dopey. (Int -2) [potion of
                  | mutation]
  3619 | D:5      | Gained mutation: Your system is resistant to poisons.
                  | (rPois) [potion of mutation]
  3623 | D:5      | HP: 2/60 [killer bee (7)]
  3625 | D:5      | Slain by a centaur

Skill      XL: |  1  2  3  4  5  6 |
---------------+-------------------+-----
Polearms       | 3 4 5 |  5.6
Fighting       | 3 4 |  4.5
Shields        | 2 |  2.5
Throwing       | |  2.1
Dodging        | |  2.1

Action                   |  1- 3 |  4- 6 |  7- 9 || total
-------------------------+-------+-------+-------++-------
Melee: Trident           |    93 |   112 |     9 ||   214
       Kick              |    20 |    33 |     5 ||    58
Throw: Throwing net      |       |     1 |     4 ||     5
Invok: Whirlwind         |       |     1 |       ||     1
Evoke: Wand              |       |     1 |     5 ||     6
  Use: Scroll            |     7 |       |       ||     7
       Potion            |       |       |     5 ||     5
 Stab: Distracted        |       |     1 |       ||     1
       Held in net/web   |       |     1 |       ||     1
  Eat: Chunk             |     1 |     5 |       ||     6
Armor: Leather armour    |    17 |    19 |     4 ||    40
Dodge: Dodged            |    32 |    32 |     8 ||    72
Block: Buckler           |     2 |    18 |     7 ||    27
